 Dungeon Crawl Stone Soup version 0.27.1 (webtiles) character file.

Game seed: 324139451345236559

4529 funkygono the Arsonist (level 10, -12/52 HPs)
             Began as a Gargoyle Fire Elementalist on Aug 30, 2021.
             Was a Believer of Vehumet.
             Mangled by an orc warrior (17 damage)
             ... on level 8 of the Dungeon.
             The game lasted 00:20:42 (10125 turns).

funkygono the Arsonist (GrFE)                      Turns: 10125, Time: 00:20:42

Health: -12/52     AC: 14    Str: 12    XL:     10   Next: 39%
Magic:  12/22      EV: 11    Int: 19    God:    Vehumet [**....]
Gold:   406        SH:  0    Dex: 12    Spells: 11/25 levels left

rFire    . . .     SeeInvis .   j - +2 whip
rCold    . . .     Faith    .   (no shield)
rNeg     + . .     Spirit   .   s - +0 acid dragon scales
rPois    ∞         Reflect  .   f - +0 helmet
rElec    +         Harm     .   t - scarf {+Inv}
rCorr    +         Rampage  .   (no gloves)
Will     .....                  (no boots)
Stlth    ++........             (no amulet)
HPRegen  0.17/turn              e - ring "Caheren" {rElec rPois Dex+2 Slay+4}
MPRegen  0.18/turn              (no ring)

@: no status effects
A: sickness immunity, AC +7, negative energy resistance 1, electricity
resistance, torment resistance 1, petrification resistance
a: Renounce Religion, Evoke Invisibility


You were on level 8 of the Dungeon.
You worshipped Vehumet.
Vehumet was pleased with you.
You visited 2 branches of the dungeon, and saw 9 of its levels.
You also visited: Bailey.

You collected 406 gold pieces.

Inventory:

Hand Weapons
 j - a +2 whip (weapon)
Missiles
 h - 177 stones (quivered)
Armour
 a - a +0 robe
 f - a +0 helmet (worn)
 m - a +0 tower shield
 r - a +0 ring mail of fire resistance
 s - +0 acid dragon scales (worn)
 t - a scarf of invisibility (worn)
 A - the +1 plate armour of Sifes {Str+2 Slay+4}
   (You found it on level 8 of the Dungeon)

   Str:       It affects your strength (+2).
   Slay:      It affects your accuracy & damage with ranged weapons and melee
   (+4).
Magical Staves
 i - a staff of fire
Jewellery
 e - the ring "Caheren" (left hand) {rElec rPois Dex+2 Slay+4}
   (You took it off an orc on level 6 of the Dungeon)

   [ring of slaying]

   Dex:       It affects your dexterity (+2).
   Slay:      It affects your accuracy & damage with ranged weapons and melee
   (+4).
   rElec:     It insulates you from electricity.
   rPois:     It protects you from poison.
Scrolls
 c - 6 scrolls of teleportation
 p - 2 scrolls of fog
 y - a scroll of silence
Potions
 b - 3 potions of curing
 d - a potion of degeneration {unknown}
 g - 6 potions of haste
 k - 2 potions of ambrosia
 l - 2 potions of flight
 n - 3 potions of brilliance {unknown}
 o - 2 potions of attraction {unknown}
 q - 2 potions of cancellation {unknown}
 u - a potion of berserk rage {unknown}
 v - 2 potions of magic {unknown}
 w - 5 potions of might {unknown}
 x - 2 potions of resistance {unknown}
 z - 3 potions of heal wounds {unknown}


   Skills:
 + Level 1.1 Fighting
 + Level 1.7 Maces & Flails
 * Level 2.1 Armour
 + Level 2.5 Dodging
 - Level 2.1 Stealth
 * Level 8.2 Spellcasting
 * Level 8.4 Conjurations
 * Level 9.0 Fire Magic


You had 11 spell levels left.
You knew the following spells:

 Your Spells              Type           Power      Damage    Failure   Level
a - Foxfire               Conj/Fire      100%       2x1d9     1%          1
b - Conjure Flame         Conj/Fire      41%        6-21      1%          3
c - Sticky Flame          Conj/Fire      41%        2d6       3%          4
d - Fireball              Conj/Fire      20%        3d10      10%         5
e - Sandblast             Erth           14%        2d6       13%         1

Your spell library contained the following spells:

 Spells                   Type           Power      Damage    Failure   Level
 Freeze                   Ice            28%        1d5       13%         1
 Magic Dart               Conj           100%       1d8       1%          1
 Searing Ray              Conj           78%        3d6       1%          2
 Static Discharge         Conj/Air       23%        N/A       3%          2
 Inner Flame              Hex/Fire       25%        N/A       6%          3
 Apportation              Tloc           14%        N/A       13%         1
 Blink                    Tloc           N/A        N/A       21%         2
 Fulminant Prism          Conj/Hex       11%        3d9       22%         4
 Lesser Beckoning         Tloc           3%         N/A       36%         3
 Starburst                Conj/Fire      20%        6d7       50%         6
 Lightning Bolt           Conj/Air       11%        1d24      54%         5
 Alistair's Intoxication  Tmut/Pois      4%         N/A       98%         5
 Manifold Assault         Tloc           7%         N/A       98%         5
 Invisibility             Hex            3%         N/A       100%        6
 Ignition                 Fire           21%        3d8       100%        8
 Maxwell's Capacitive Co  Air            3%         ∞         100%        8


Dungeon Overview and Level Annotations

Branches:
Dungeon (8/15)             Temple (1/1) D:6          Bailey (visited)
   Lair: D:8-11

Altars:
Ashenzari
Cheibriados
Dithmenos
Elyvilon
Fedhas
Gozag
Hepliaklqana
Kikubaaqudgha
Makhleb
Nemelex Xobeh
Okawaru
Qazlal
Ru
Sif Muna
Trog
Vehumet
Wu Jian
Xom
Yredelemnul
Zin

Shops:
D:4 (

Annotations:
D:3 1 runed translucent door, YannSP's ghost, novice MiBe
D:8 3 runed translucent doors


Innate Abilities, Weirdness & Mutations

You are immune to sickness and miasma.
Your stone body is resilient. (AC +7)
You are immune to poison.
You resist negative energy. (rN+)
You are resistant to electric shocks. (rElec)
You are resistant to unholy torment.
You are immune to petrification.


Message History

Unknown command.
The foxfire hits the orc warrior but does no damage.
The orc warrior is severely wounded.
The foxfire hits the orc warrior.
The orc warrior is almost dead.
Casting: Foxfire (safe; 1% risk of failure)
Confirm with . or Enter, or press ? or * to list all spells.
You conjure some foxfire!
The orc warrior hits you from afar with a +0 halberd!!
The foxfire hits the orc warrior but does no damage.
The orc warrior is almost dead.
The foxfire hits the orc warrior but does no damage.
The orc warrior is almost dead.
Casting: Foxfire (safe; 1% risk of failure)
Confirm with . or Enter, or press ? or * to list all spells.
You conjure some foxfire!
The orc warrior hits you from afar with a +0 halberd!
* * * LOW HITPOINT WARNING * * *
The foxfire hits the orc warrior but does no damage.
The orc warrior is almost dead.
The foxfire hits the orc warrior.
The orc warrior is almost dead.
You feel better.
The orc warrior hits you from afar with a +0 halberd!
* * * LOW HITPOINT WARNING * * *
You feel better.
The orc warrior hits you from afar with a +0 halberd!
* * * LOW HITPOINT WARNING * * *
Casting: Foxfire (safe; 1% risk of failure)
Confirm with . or Enter, or press ? or * to list all spells.
You conjure some foxfire!
The orc warrior barely misses you.
The foxfire hits the orc warrior but does no damage.
The orc warrior is almost dead.
The foxfire hits the orc warrior.
The orc warrior is almost dead.
Casting: Foxfire (safe; 1% risk of failure)
Confirm with . or Enter, or press ? or * to list all spells.
You conjure some foxfire!
The orc warrior hits you from afar with a +0 halberd!
You die...

.####........##.#.#......#.#.....
.. .......#.##.#........#(#.....
.# ..###.#.##.#..#.#####.#####.
.. ..##.#.##.#..#.#####.#####. .#
#....#.##.#.....o.†........ .#
#.##.#.##.##.#..####....... .
#.#..........##.## #.......
#######.#..#.#####.##..# #.......
..............ov@..###.# #.###.#.
.............####v.###.###.#.....
.####...####.####................
......### #.....................
..)...# #.####.#####..#.###.#.
#####.######.##.........)#.# #.#.
...........#.####.#####.÷#.# #.#.
####....####.# #######..#.# #.#.
........'....# .......)...# #.##


You could see an orc warrior (ally target).

Vanquished Creatures
  A deep elf pyromancer (D:7)
  Maggie (D:7)
  A hornet (D:8)
  3 yaks
  Grum (D:8)
  Menkaure (D:6)
  Duvessa (D:7)
  3 black bears
  An orc warrior (Bailey)
  3 sky beasts
  2 necrophages (D:5)
  2 wolves (D:8)
  4 ogres
  3 centaurs
  A phantom (D:5)
  A bullfrog (D:6)
  A gnoll sergeant (D:7)
  Dowan (D:6)
  3 killer bees (D:8)
  2 centaur zombies (D:5)
  2 hounds
  2 jellies
  2 bullfrog skeletons
  5 iguanas
  Terence (D:1)
  6 orc wizards
  3 hound skeletons
  A mummy (D:7)
  17 gnolls
  8 adders
  2 white imps
  An ufetubus (D:5)
  20 orcs
  A ball python (D:3)
  6 endoplasms
  2 giant cockroaches (D:1)
  10 hobgoblins
  3 jackals (D:1)
  17 kobolds
  A quokka (D:3)
  6 bats
  5 frilled lizards
  10 goblins
  A hobgoblin zombie (D:7)
  2 kobold zombies (D:7)
  An orc zombie (D:7)
  2 rats
173 creatures vanquished.

Vanquished Creatures (others)
  892 foxfires
  2 withered plants (D:3)
894 creatures vanquished.

Grand Total: 1067 creatures vanquished

Notes
Turn   | Place    | Note
-------+----------+-------------------------------------------
     0 | D:1      | funkygono the Gargoyle Fire Elementalist began the quest
                  | for the Orb.
     0 | D:1      | Reached XP level 1. HP: 10/10 MP: 3/3
   318 | D:1      | Reached XP level 2. HP: 15/15 MP: 3/5
   707 | D:2      | Noticed Terence
   801 | D:1      | Killed Terence
   802 | D:1      | Reached XP level 3. HP: 19/19 MP: 0/7
   933 | D:2      | Found a snail-covered altar of Cheibriados.
  1144 | D:2      | Reached skill level 4 in Fire Magic
  1144 | D:2      | Reached XP level 4. HP: 24/24 MP: 5/8
  1148 | D:2      | Learned a level 3 spell: Conjure Flame
  1153 | D:2      | Learned a level 4 spell: Sticky Flame
  1636 | D:3      | Found a faded altar of an unknown god.
  2672 | D:3      | Found a runed translucent door.
  2672 | D:3      | Noticed YannSP's ghost (novice MiBe)
  2802 | D:4      | Noticed a black bear
  2817 | D:4      | Killed a black bear
  2818 | D:4      | Reached XP level 5. HP: 8/28 MP: 0/10
  3111 | D:4      | Noticed an ogre
  3116 | D:4      | Killed an ogre
  3117 | D:4      | Reached XP level 6. HP: 32/32 MP: 6/12
  3123 | D:4      | Learned a level 5 spell: Fireball
  3267 | D:4      | Found Dikkog's Weapon Shoppe.
  3357 | D:4      | Found a sparkling altar of Nemelex Xobeh.
  3912 | D:5      | Entered Level 5 of the Dungeon
  3913 | D:5      | Noticed a black bear
  4046 | D:5      | Noticed a necrophage
  4053 | D:5      | Killed a necrophage
  4054 | D:5      | Reached skill level 5 in Fire Magic
  4054 | D:5      | Reached XP level 7. HP: 37/37 MP: 6/13
  4352 | D:5      | Noticed a yak
  4373 | D:5      | Noticed a yak
  4373 | D:5      | Noticed a yak
  4476 | D:5      | HP: 1/37 [yak (11)]
  4525 | D:4      | Killed a yak
  4526 | D:4      | Reached skill level 1 in Maces & Flails
  4526 | D:4      | Reached skill level 5 in Spellcasting
  4805 | D:5      | Reached skill level 5 in Conjurations
  4805 | D:5      | Reached XP level 8. HP: 42/42 MP: 7/15
  5129 | D:5      | Reached skill level 6 in Fire Magic
  5935 | D:5      | Killed a yak
  5947 | D:5      | Killed a yak
  6268 | D:6      | Found a staircase to the Ecumenical Temple.
  6276 | Temple   | Entered the Ecumenical Temple
  6280 | Temple   | Became a worshipper of Vehumet
  6351 | D:6      | Reached XP level 9. HP: 44/46 MP: 14/18
  6546 | D:6      | Identified the ring "Caheren" {rElec rPois Dex+2 Slay+4}
  6616 | D:6      | Noticed Menkaure
  6626 | D:6      | Killed Menkaure
  6929 | D:6      | Reached skill level 7 in Fire Magic
  7015 | D:7      | Noticed Duvessa
  7031 | D:7      | Noticed Dowan
  7032 | D:7      | Killed Duvessa
  7044 | D:6      | Killed Dowan
  7263 | D:7      | Found an opulent altar of Gozag.
  7264 | D:7      | Noticed a deep elf pyromancer
  7272 | D:7      | Killed a deep elf pyromancer
  7273 | D:7      | Reached skill level 1 in Fighting
  7754 | D:7      | Reached skill level 8 in Fire Magic
  7840 | D:7      | Reached * piety under Vehumet
  7840 | D:7      | Offered knowledge of Sandblast by Vehumet.
  8011 | D:7      | Found a white marble altar of Elyvilon.
  8015 | D:7      | Noticed Maggie
  8030 | D:7      | Killed Maggie
  8031 | D:7      | Reached XP level 10. HP: 14/52 MP: 6/21
  8478 | D:7      | Learned a level 1 spell: Sandblast
  8677 | D:8      | Found a flagged portal.
  8698 | D:8      | Reached skill level 1 in Armour
  8823 | Bailey   | Entered a bailey
  8935 | Bailey   | Reached ** piety under Vehumet
  8935 | Bailey   | Offered knowledge of Freeze by Vehumet.
  9511 | Bailey   | Acquired a book of Fire
  9565 | D:8      | Noticed Grum
  9586 | D:8      | Killed Grum
  9963 | D:8      | Found a hazy altar of Hepliaklqana.
  9995 | D:8      | Reached skill level 9 in Fire Magic
 10028 | D:8      | Found a runed translucent gate.
 10029 | D:8      | Found a runed translucent gate.
 10033 | D:8      | Found a runed translucent gate.
 10069 | D:8      | Identified the +1 plate armour of Sifes {Str+2 Slay+4}
 10125 | D:8      | Mangled by an orc warrior

Illustrated notes

Levels and vault maps discovered:
D:1:      nzn_arrival_water_spiral, layout_rooms
D:2:      layout_loops_ring, basic_altar, uniq_terence
D:3:      layout_loops_cross, basic_ecumenical_altar, gammafunk_ghost_grave
D:4:      layout_cave_pods, nicolae_overflow_crystal_walls, serial_shops,
          nicolae_shop_competitors_out_of_business,
          chequers_serial_rivers_micro_c, amethyst_killhole,
          minmay_misc_feat_cross
D:5:      layout_basic, minivault_4, grunt_ministairs_12, minmay_misc_feat_doors
D:6:      layout_rooms, minmay_temple_entry_junction, minmay_strange_pillars,
          uniq_menkaure
D:7:      layout_basic, mainiacjoe_overflow_boulevard, grunt_gozag_statues,
          minmay_mini_ossuary, uniq_maggie, uniq_duvessa
D:8:      layout_basic, nzn_hepliaklqana_mist_gate, nicolae_uskayaw_suspiria,
          gammafunk_ghost_necromancy, enter_bailey_4, uniq_grum
Temple:   nicolae_temple_x_marks_the_god

Skill      XL: |  1  2  3  4  5  6  7  8  9 10 |
---------------+-------------------------------+-----
Fire Magic     | 4 5 6 8 9 |  9.0
Spellcasting   | 3 4 5 6 7 8 |  8.2
Conjurations   | 2 4 5 6 8 |  8.4
Maces & Flails | 1 |  1.7
Dodging        | 2 |  2.5
Fighting       | 1 |  1.1
Armour         | 2 |  2.1
Stealth        | |  2.1

Action                   |  1- 3 |  4- 6 |  7- 9 | 10-12 || total
-------------------------+-------+-------+-------+-------++-------
Melee: Unarmed           |     9 |       |       |       ||     9
       Whip              |       |    15 |    26 |    16 ||    57
 Cast: Foxfire           |    43 |    95 |   236 |   141 ||   515
       Conjure Flame     |       |       |     2 |       ||     2
       Sticky Flame      |       |       |     8 |     4 ||    12
  Use: Scroll            |       |     7 |     4 |     3 ||    14
       Potion            |       |     1 |     5 |     2 ||     8
Armor: Robe              |    12 |    24 |    36 |       ||    72
       Acid dragon scale |       |       |       |    43 ||    43
Dodge: Dodged            |    16 |    33 |    59 |    74 ||   182
